Map: Blueshift LE

Players

Recoil - Winner!

  • Race: Protoss Protoss
  • League: Silver
  • Spawn Location: 7:00

Xythe

  • Race: Protoss Protoss
  • League: Silver
  • Spawn Location: 1:00

VOD

Have the link to the VOD?

Description

Time

  • Played on: Sept. 7, 2018, 3:49 a.m.
  • Length: 16:47
Show
View Real Time Build Order
Export as new Build Order

Recoil Protoss - Winner!

Build Orders: 1 Gate Expand 

Get SALT Encoding   

  12  0:01  Probe  
  13  0:13  Probe  
  14  0:18  Pylon  
  14  0:25  Probe  
  15  0:30  Assimilator  
  15  0:40  Gateway  
  15  0:42  Probe  
  16  0:50  Probe  
  17  0:58  Probe  
  18  1:09  Probe  
  19  1:31  Nexus  
  19  1:36  Pylon  
  19  1:37  Zealot  
  21  1:47  Cybernetics Core  
  21  1:57  Probe  
  21  1:59  Assimilator  
  22  2:06  Zealot  
  24  2:13  Warp Gate, Pylon  
  24  2:14  Probe  
  24  2:22  Probe  
  26  2:32  Probe  
  27  2:41  Probe  
  28  2:49  Probe  
  28  2:54  Pylon  
  29  2:58  Probe  
  29  3:03  Zealot  
  29  3:04  Forge  
  32  3:10  Probe  
  33  3:18  Stargate  
  33  3:22  Probe  
  33  3:26  Probe  
  35  3:33  Assimilator  
  35  3:34  Probe  
  35  3:38  Probe, Protoss Ground Weapons Level 1  
  37  3:45  Gateway  
  37  3:47  Probe  
  38  3:50  Probe  
  38  3:51  Gateway  
  39  3:58  Pylon  
  39  4:03  Phoenix  
  41  4:23  Shield Battery  
  41  4:29  Probe  
  41  4:30  Robotics Facility  
  42  4:32  Probe  
  42  4:36  Phoenix  
  45  4:41  Probe  
  45  4:44  Probe  
  47  4:50  Gateway  
  47  4:54  Probe  
  47  4:56  Twilight Council, Probe  
  47  4:59  Assimilator  
  49  5:09  Probe  
  49  5:11  Zealot x3  
  56  5:20  Immortal  
  60  5:27  Forge  
  60  5:31  Protoss Ground Weapons Level 2  
  60  5:32  Probe, Pylon  
  61  5:40  Probe  
  61  5:47  Stalker  
  61  5:48  Stalker x2, Probe  
  68  5:50  Phoenix  
  68  5:51  Probe  
  72  5:59  Probe  
  73  6:09  Probe  
  73  6:10  Charge  
  74  6:27  Nexus  
  74  6:34  Pylon  
  74  6:35  Phoenix  
  74  6:38  Protoss Ground Armor Level 1  
  76  6:44  Stalker  
  78  6:50  Observer  
  78  6:56  Pylon  
  78  6:59  Pylon  
  79  7:05  Probe x2  
  81  7:17  Probe x2  
  83  7:25  Assimilator  
  83  7:26  Dark Shrine  
  83  7:29  Probe  
  84  7:30  Assimilator  
  84  7:33  Shield Battery  
  84  7:35  Shield Battery  
  84  7:36  Gateway  
  84  7:40  Gateway  
  84  7:42  Pylon  
  84  7:47  Pylon  
  84  7:50  Probe  
  85  7:54  Protoss Ground Weapons Level 3  
  85  7:57  Protoss Air Weapons Level 1  
  85  7:59  Probe x2  
  85  8:03  Probe  
  85  8:05  Phoenix  
  90  8:11  Probe x2  
  92  8:15  Stalker, Probe  
  92  8:16  Stalker x2  
  92  8:17  Zealot  
  101  8:22  Immortal  
  101  8:23  Probe  
  106  8:32  Robotics Bay  
  106  8:37  Gateway  
  106  8:41  Gateway  
  106  8:47  Probe  
  107  8:59  Probe  
  108  9:10  Nexus  
  108  9:11  Probe  
  108  9:14  Colossus, Pylon, Assimilator  
  108  9:16  Assimilator  
  109  9:20  Dark Templar x4  
  117  9:26  Extended Thermal Lance  
  123  9:46  Protoss Ground Armor Level 2  
  123  9:49  Phoenix  
  125  10:00  Fleet Beacon  
  125  10:05  Gateway  
  125  10:06  Gateway  
  125  10:08  Colossus  
  131  10:14  Pylon  
  131  10:26  Dark Templar x3  
  137  10:32  Probe  
  137  10:35  Probe x2  
  140  10:36  Probe  
  141  10:44  Probe  
  141  10:47  Protoss Air Weapons Level 2, Probe x2  
  141  10:48  Dark Templar, Probe  
  147  10:52  Protoss Shields Level 1  
  147  10:59  Probe x2  
  147  11:00  Probe  
  150  11:10  Observer Gravitic Boosters  
  150  11:12  Colossus, Probe  
  157  11:25  Probe  
  158  11:26  Robotics Facility  
  158  11:29  Zealot x3  
  164  11:38  Pylon  
  164  11:39  Pylon  
  164  11:48  Pylon  
  164  11:59  Pylon  
  164  12:04  Pylon  
  164  12:06  Observer  
  129  12:25  Stalker x2  
  129  12:26  Stalker x4  
  129  12:27  Stalker x2, Warp Prism  
  125  12:51  Protoss Shields Level 2  
  125  12:59  Dark Templar  
  125  13:00  Dark Templar x3  
  125  13:02  Nexus  
  125  13:03  Phoenix  
  125  13:05  Protoss Ground Armor Level 3, Pylon  
  133  13:10  Assimilator  
  133  13:12  Colossus, Assimilator  
  135  13:15  Warp Prism  
  135  13:25  Phoenix  
  135  13:26  Protoss Air Weapons Level 3  
  143  13:32  Gravitic Drive  
  145  13:45  Pylon  
  145  13:47  Pylon  
  145  13:50  Phoenix  
  145  13:51  Colossus  
  145  13:53  Dark Templar x3  
  145  13:54  Gateway  
  159  13:55  Zealot x2  
  159  13:56  Zealot  
  159  13:58  Gateway  
  165  14:06  Colossus  
  165  14:09  Mothership  
  171  14:11  Probe x2  
  171  14:15  Phoenix  
  175  14:23  Probe x2  
  185  14:32  Stargate  
  185  14:35  Probe x2  
  187  14:44  Colossus  
  193  14:59  Phoenix  
  195  15:06  Probe  
  195  15:13  Probe x2  
  198  15:15  Probe  
  193  15:24  Phoenix  
  193  15:25  Probe x2  
  197  15:30  Stalker x2  
  197  15:37  Probe  
  197  15:38  Probe  
  193  15:46  Stalker x3  
  193  15:47  Stalker  
  181  16:14  Stalker x5  
  181  16:15  Stalker x4  
  197  16:20  Archon x4  
Show
View Real Time Build Order
Export as new Build Order

Xythe Protoss 

Build Orders: 1 Gate Expand 

Get SALT Encoding   

  12  0:01  Probe  
  13  0:15  Probe  
  14  0:22  Pylon  
  14  0:27  Probe  
  15  0:40  Probe  
  16  0:44  Gateway  
  16  0:49  Assimilator  
  16  0:52  Probe  
  17  1:07  Probe  
  18  1:16  Pylon  
  18  1:21  Probe  
  19  1:33  Probe  
  20  1:44  Nexus  
  20  1:45  Probe  
  21  1:48  Cybernetics Core  
  21  1:54  Pylon  
  21  1:57  Probe  
  22  2:02  Warp Gate, Pylon  
  22  2:09  Probe  
  23  2:16  Assimilator  
  23  2:21  Zealot, Probe  
  26  2:32  Pylon  
  26  2:35  Probe  
  27  2:49  Probe  
  28  2:57  Zealot  
  30  3:01  Probe  
  31  3:09  Probe  
  32  3:13  Probe  
  33  3:21  Probe  
  33  3:24  Zealot  
  36  3:29  Nexus  
  36  3:32  Pylon  
  36  3:37  Probe  
  36  3:38  Probe  
  38  3:51  Zealot  
  38  3:55  Pylon  
  40  3:59  Gateway  
  40  4:02  Pylon  
  40  4:03  Probe x2  
  40  4:09  Assimilator  
  42  4:20  Robotics Facility  
  42  4:23  Probe x2  
  46  4:35  Probe x2  
  46  4:38  Pylon  
  46  4:45  Probe  
  47  4:47  Probe x2  
  49  4:57  Probe  
  49  4:59  Probe x2  
  52  5:02  Zealot  
  54  5:09  Gateway x2  
  54  5:11  Gateway  
  54  5:15  Twilight Council  
  54  5:18  Probe  
  54  5:19  Probe x2  
  57  5:32  Zealot x2  
  61  5:37  Pylon  
  61  5:41  Gateway  
  61  5:45  Pylon  
  61  5:48  Observer  
  62  5:53  Probe x3  
  62  5:54  Charge  
  65  5:59  Zealot x2  
  69  6:04  Immortal  
  69  6:14  Probe x2  
  69  6:15  Probe  
  76  6:24  Stalker x3  
  76  6:25  Stalker x2  
  85  6:34  Stargate  
  85  6:35  Stargate  
  85  6:38  Probe x3  
  88  6:54  Probe x3  
  90  6:59  Assimilator  
  90  7:00  Nexus  
  91  7:02  Assimilator  
  91  7:06  Probe x3  
  91  7:07  Assimilator  
  94  7:08  Stalker  
  94  7:09  Stalker x2  
  94  7:10  Stalker  
  102  7:17  Immortal  
  106  7:30  Fleet Beacon  
  106  7:51  Adept x4  
  106  7:52  Adept  
  116  8:13  Probe x4  
  124  8:25  Probe x4  
  124  8:27  Pylon  
  124  8:30  Pylon  
  124  8:33  Pylon, Phoenix x2  
  128  8:37  Probe x4, Pylon  
  132  8:50  Stargate  
  132  8:51  Stargate  
  132  8:57  Blink  
  132  8:58  Protoss Air Weapons Level 1  
  132  9:06  Forge  
  132  9:07  Forge  
  132  9:14  Phoenix  
  132  9:15  Phoenix  
  132  9:22  Protoss Shields Level 1  
  136  9:26  Protoss Ground Armor Level 1  
  136  9:29  Stalker x5  
  136  9:30  Stalker  
  148  9:36  Phoenix x2  
  152  9:53  Phoenix  
  152  9:54  Phoenix  
  156  10:20  Zealot x2  
  156  10:21  Zealot x4  
  168  10:42  Protoss Air Armor Level 1  
  168  10:49  Nexus  
  168  10:58  Pylon  
  168  11:00  Pylon  
  168  11:03  Pylon  
  168  11:07  Pylon  
  168  11:10  Void Ray, Pylon  
  172  11:12  Pylon  
  172  11:16  Void Ray x2  
  180  11:18  Void Ray, Pylon  
  184  11:27  Stalker x4  
  184  11:28  Stalker x2  
  196  11:37  Protoss Shields Level 2  
  196  11:38  Protoss Ground Armor Level 2  
  158  12:28  Carrier x2  
  88  12:43  Zealot x5  
  88  12:44  Zealot  
  100  13:03  Carrier x2  
  96  13:05  Assimilator  
  96  13:07  Assimilator  
  96  13:10  Gateway  
  96  13:11  Gateway  
  96  13:13  Gateway  
  96  13:14  Gateway  
  96  13:16  Gateway  
  96  13:17  Gateway  
  96  13:19  Gateway  
  96  13:21  Gateway  
  96  13:23  Gateway  
  96  13:26  Gateway  
  108  13:29  Gateway  
  108  13:30  Gateway  
  108  13:32  Zealot x2  
  108  13:33  Zealot x4  
  120  13:41  Carrier x2  
  120  13:56  Zealot x5  
  120  13:57  Zealot  
  144  14:15  Carrier x2  
  144  14:18  Pylon  
  144  14:20  Pylon  
  144  14:26  Gateway  
  144  14:27  Gateway  
  144  14:29  Gateway  
  144  14:31  Gateway  
  156  14:57  Pylon  
  156  15:00  Pylon  
  156  15:01  Zealot x4  
  156  15:02  Zealot x6  
  156  15:03  Zealot x5, Pylon  
  156  15:04  Zealot x3  
  156  15:06  Pylon  
  146  15:35  Zealot x6  
  128  15:36  Zealot x7  
  128  15:37  Zealot x4  
  128  15:38  Zealot  
  96  15:58  Stalker x4  
  96  15:59  Stalker x7  
  96  16:01  Zealot x3  
  96  16:02  Zealot x6  
  96  16:03  Zealot x2  
  79  16:20  Phoenix x4  
  79  16:24  Zealot x7  
Tags
 
Add a new tag
Caveats
  • Supply blocks, unpowered buildings, or Contaminate may cause inaccurate times.
  • Supply counts are checked every 10 seconds.